 Dungeon Crawl Stone Soup version 0.30-a0-469-g84de5afbc5 (webtiles) character file.

Game seed: 8010070480891450531

9 ragingrage the Sneak (level 2, -1/26 HPs)
             Began as a Ghoul Delver on Dec 20, 2022.
             Killed from afar by a white imp (4 damage)
             ... with a puff of frost
             ... on level 6 of the Dungeon.
             The game lasted 00:00:17 (103 turns).

ragingrage the Sneak (Ghoul Delver)                  Turns: 103, Time: 00:00:17

Health: -1/26      AC:  3    Str: 15    XL:     2   Next: 12%
Magic:  1/1        EV: 11    Int:  5    God:
Gold:   12         SH:  0    Dex: 10    Spells: 1/1 levels left

rFire   . . .      SeeInvis .      - Unarmed
rCold   + . .      Faith    .    (no shield)
rNeg    + + +      Spirit   .    a - +0 leather armour
rPois   ∞          Reflect  .    (no helmet)
rElec   .          Harm     .    (no cloak)
rCorr   .          Rampage  .    (no gloves)
Will    .....                    (no boots)
Stlth   +++.......               (no amulet)
HPRegen 0.00/turn                (no ring)
MPRegen 0.07/turn                (no ring)

@: inhibited regen
A: claws 1, cold resistance 1, negative energy resistance 3, inhibited
regeneration, torment resistance 2, devour on kill
a: no special abilities


You were on level 6 of the Dungeon.
You visited 1 branch of the dungeon, and saw 2 of its levels.

You collected 12 gold pieces.

Inventory:

Armour
 a - a +0 leather armour (worn)
Wands
 f - a wand of digging (3)
Scrolls
 b - a scroll of fog
 c - a scroll of magic mapping
 d - a scroll of fear
Potions
 e - a potion of haste


   Skills:
 - Level 3.4 Fighting
 - Level 2.0 Dodging
 + Level 5.6 Stealth
 + Level 2.4 Unarmed Combat


You had one spell level left.
You didn't know any spells.
Your spell library was empty.

Dungeon Overview and Level Annotations

Branches:
Dungeon (6/15)
 Temple: D:4-7

Altars:

Annotations:
D:5 1 transporter, whiskeysaurus's ghost, novice MfGl


Innate Abilities, Weirdness & Mutations

You are immune to poison.
You have sharp fingernails.
Your flesh is cold resistant. (rC+)
You are immune to negative energy. (rN+++)
You do not regenerate when monsters are visible.
You are immune to unholy pain and torment.
You thrive by killing the living.


Message History

The white imp shouts!
The white imp gestures at you. The puff of frost hits you. You resist.
You start resting.
A white imp is nearby!
The white imp gestures at you. The puff of frost hits you. You resist.
The white imp hits you. The white imp freezes you. You resist.
You scratch the white imp but do no damage.
You scratch the white imp.
The white imp is lightly wounded.
The white imp misses you.
You closely miss the white imp.
The white imp is lightly wounded.
The white imp gestures at you. The puff of frost hits you! You resist.
An adder comes into view.
You closely miss the white imp.
The white imp is lightly wounded.
The white imp gestures at you. The puff of frost hits you. You resist.
You scratch the white imp.
The white imp is moderately wounded.
The white imp hits you.
* * * LOW HITPOINT WARNING * * *
The white imp freezes you. You resist.
* * * LOW HITPOINT WARNING * * *
You scratch the white imp.
The white imp is heavily wounded.
The white imp barely misses you.
You scratch the white imp.
The white imp is almost dead.
The white imp gestures at you. The puff of frost misses you.
Okay, then.
You barely miss the white imp.
The white imp is almost dead.
The white imp gestures at you. The puff of frost hits you. You resist.
You die...

....... .......
....... ######
.....# #....#
.....# #....#
.....#. #[...#
###5S.....
#....###
#.@.....#
#.....<#
#.##....#
#....### #.# ...#
##....# #.# ###
#.....# ######.#
##.##### #....#.#
#..#.. #.##.#.#
#.##.#####.##.#.#
#.##.#.....##...#


You could see an adder and a white imp.

Vanquished Creatures
  An adder (D:5)
1 creature vanquished.

Notes
Turn   | Place    | Note
-------+----------+-------------------------------------------
     0 | D:5      | ragingrage the Ghoul Delver began the quest for the Orb.
     0 | D:5      | Reached XP level 1. HP: 19/19 MP: 0/0
     0 | D:5      | Found a transporter.
     0 | D:5      | Noticed whiskeysaurus's ghost (novice MfGl)
     4 | D:5      | Noticed a wight
    14 | D:5      | Noticed a hound
    28 | D:5      | Reached XP level 2. HP: 22/26 MP: 1/1
   103 | D:6      | Killed from afar by a white imp

Illustrated notes

Levels and vault maps discovered:
D:5:      layout_basic, minmay_temple_entry_junction_2,
          gammafunk_ghost_mausoleum
D:6:      layout_basic, serial_shops, shop, roderic_lattice_a

Skill      XL: |  1 |
---------------+----+-----
Dodging        | 2 |  2.0
Fighting       | |  3.4
Stealth        | |  5.6
Unarmed Combat | |  2.4

Action                   || total
-------------------------++-------
Melee: Unarmed           ||    18
Armor: Leather armour    ||     2
Dodge: Dodged            ||    10

Table legend: (Time is in decaauts)
 A = Elapsed time spent in this place.
 B = Non-inter-level travel time spent in this place.
 C = Inter-level travel time spent in this place.
 D = Time resting spent in this place.
 E = Time spent auto-exploring this place.
 F = Levels seen in this place.
 G = Mean time per level.
                   A        B        C        D        E       F      G
               +--------+--------+--------+--------+--------+-----+--------+
         Total |    101 |    101 |      0 |     10 |     50 |   2 |   50.5 |
       Dungeon |    101 |    101 |      0 |     10 |     50 |   2 |   50.5 |
               +--------+--------+--------+--------+--------+-----+--------+

Top non-repeatable levels by time:
     D:6: 54 daAuts
     D:5: 47 daAuts
